 Dungeon Crawl Stone Soup version 0.21.1-1-g345015f (webtiles) character file.

1005 Kairos the Shield-Bearer (level 8, -13/67 HPs)
             Began as a Gnoll Fighter on Apr 24, 2018.
             Mangled by a large abomination (34 damage)
             ... on level 3 of the Abyss.
             The game lasted 00:10:43 (3544 turns).

Kairos the Shield-Bearer (Gnoll Fighter)            Turns: 3544, Time: 00:10:44

Health: -13/67     AC: 11    Str: 20    XL:     8   Next: 20%
Magic:  12/12      EV: 11    Int: 15    God:
Gold:   314        SH:  0    Dex: 15    Spells: 13/13 levels left

rFire    . . .     SeeInvis .   G - +4 quarterstaff (chaos)
rCold    . . .     Gourm    .   (shield currently unavailable)
rNeg     . . .     Faith    .   b - +0 scale mail
rPois    .         Spirit   .   (no helmet)
rElec    .         Reflect  .   F - +2 cloak
rCorr    +         Harm     +   (no gloves)
MR       .....                  (no boots)
Stlth    +.........             H - amulet of harm
HPRegen  0.21/turn              h - +4 ring of intelligence
MPRegen  0.13/turn              A - ring of resist corrosion

@: very slightly contaminated
A: distributed training, fangs 1, strong nose
a: no special abilities


You were on level 3 of the Abyss.
You were full.

You visited 1 branch of the dungeon, and saw 5 of its levels.
You visited the Abyss 1 time.

You collected 314 gold pieces.

Inventory:

Hand Weapons
 a - a +0 war axe
 v - a +4 flail of protection
 G - a +4 quarterstaff of chaos (weapon)
 K - a +1 quarterstaff of distortion
 N - a +0 whip of venom
Armour
 b - a +0 scale mail (worn)
 c - a +0 shield
 u - a +1 buckler of reflection
 F - a +2 cloak (worn)
Jewellery
 h - a +4 ring of intelligence (left hand)
 m - a +4 ring of intelligence
 y - an uncursed ring of fire
 A - a ring of resist corrosion (right hand)
 H - an amulet of harm (around neck)
Wands
 q - a wand of flame (27)
 w - a wand of random effects (22)
 E - a wand of digging (11)
 M - a wand of iceblast (10)
Scrolls
 j - 3 scrolls of blinking
 k - 3 scrolls of teleportation
 n - a scroll of fear {unknown}
 r - a scroll of fog {unknown}
 t - 6 scrolls of identify {unknown}
 x - a scroll of amnesia {unknown}
 C - a scroll of enchant weapon {unknown}
 D - a scroll of random uselessness {unknown}
 I - a scroll of magic mapping {unknown}
 J - 2 scrolls of remove curse
Potions
 d - a potion of might
 e - 3 potions of heal wounds {unknown}
 g - 3 potions of resistance {unknown}
 i - 3 potions of agility {unknown}
 l - 6 potions of lignification {unknown}
 p - a potion of cancellation {unknown}
 s - 2 potions of flight {unknown}
 z - a potion of curing {unknown}
 L - a potion of brilliance {unknown}
Books
 o - a book of Cantrips

   Spells                             Type                      Level
   a - Confusing Touch                Hexes                        1
   b - Animate Skeleton               Necromancy                   1
   c - Summon Small Mammal            Summoning                    1
   d - Apportation                    Translocation                1
 B - a book of Callings

   Spells                             Type                      Level
   a - Summon Small Mammal            Summoning                    1
   b - Call Imp                       Summoning                    2
   c - Call Canine Familiar           Summoning                    3
   d - Summon Guardian Golem          Hexes/Summoning              3
   e - Summon Lightning Spire         Summoning/Air                4
   f - Summon Ice Beast               Ice/Summoning                4
 O - a book of Geomancy

   Spells                             Type                      Level
   a - Sandblast                      Earth                        1
   b - Passwall                       Transmutation/Earth          2
   c - Stone Arrow                    Conjuration/Earth            3
   d - Petrify                        Transmutation/Earth          4
   e - Lee's Rapid Deconstruction     Earth                        5
Comestibles
 f - 9 rations


   Skills:
 + Level 7.2 Fighting
 + Level 3.0 Short Blades
 + Level 3.0 Long Blades
 + Level 5.5 Axes
 + Level 3.0 Maces & Flails
 + Level 3.0 Polearms
 + Level 3.0 Staves
 + Level 3.0 Slings
 + Level 3.0 Bows
 + Level 3.0 Crossbows
 + Level 3.0 Throwing
 + Level 7.2 Armour
 + Level 3.0 Dodging
 + Level 3.0 Stealth
 + Level 7.2 Shields
 + Level 3.0 Unarmed Combat
 + Level 3.0 Spellcasting
 + Level 2.4 Conjurations
 + Level 2.4 Hexes
 + Level 2.4 Charms
 + Level 2.4 Summonings
 + Level 2.4 Necromancy
 + Level 2.4 Translocations
 + Level 2.4 Transmutations
 + Level 2.4 Fire Magic
 + Level 2.4 Ice Magic
 + Level 2.4 Air Magic
 + Level 2.4 Earth Magic
 + Level 2.4 Poison Magic
 + Level 3.3 Invocations
 + Level 3.0 Evocations


You had 13 spell levels left.
You didn't know any spells.

Dungeon Overview and Level Annotations

Branches:
Dungeon (5/15)
 Temple: D:4-7

Altars:
Qazlal
Ru


Innate Abilities, Weirdness & Mutations

Your experience applies equally to all skills.
You have very sharp teeth.
Your uncanny sense of smell can sniff out nearby items.


Message History

A small abomination comes into view.
You see here a book of Geomancy.
O - a book of Geomancy
As you read the scroll labeled SIJURPH NIYGAGA, it crumbles to dust.
You feel strangely unstable.
You feel the power of the Abyss delaying your translocation!
It was a scroll of teleportation.
The small abomination barely misses you.
The small abomination hits you but does no damage.
The small abomination hits you but does no damage.
You are suddenly pulled into a different region of the Abyss!
You start resting.
You are suddenly pulled into a different region of the Abyss!
You eat one of the 11 rations.
That ration really hit the spot!
You eat one of the 10 rations.
That ration really hit the spot!
You start resting.
A large abomination comes into view.
The large abomination hits you!!
Ouch! That really hurt!
You die...

.. .# #.#
..# .. ##
#.###.#
#.#...#
#@#.##
#..#X.#
......X###
#...###
..##. # .
. ## ∆


You could see a large abomination.

Vanquished Creatures
  Menkaure (D:5)
  Edmund (D:4)
  A bullfrog (D:5)
  A scorpion (D:5)
  A crimson imp (D:5)
  2 hounds
  A jelly (D:5)
  An orc priest (D:5)
  Crazy Yiuf (D:4)
  Ijyb (D:3)
  Jessica (D:3)
  An iguana (D:4)
  3 orc wizards
  5 worker ants
  2 hound zombies (D:5)
  A gnoll (D:2)
  7 adders
  2 oozes
  2 adder skeletons
  5 worms
  4 leopard geckos
  6 orcs
  A ball python (D:3)
  6 bats
  4 giant cockroaches
  6 goblins
  6 hobgoblins
  6 jackals
  2 kobolds (D:1)
  A quokka (D:5)
  2 frilled lizards
  6 rats
90 creatures vanquished.

Notes
Turn   | Place    | Note
-------+----------+-------------------------------------------
     0 | D:1      | Kairos the Gnoll Fighter began the quest for the Orb.
     0 | D:1      | Reached XP level 1. HP: 23/23 MP: 1/1
   212 | D:1      | Reached XP level 2. HP: 25/29 MP: 2/2
   592 | D:2      | Found a transporter.
   651 | D:2      | Found a transporter.
   655 | D:2      | Found a stormy altar of Qazlal.
   675 | D:2      | Reached XP level 3. HP: 33/35 MP: 3/3
   802 | D:2      | Reached skill level 1 in Invocations
   835 | D:2      | Reached skill level 1 in Short Blades
   835 | D:2      | Reached skill level 1 in Long Blades
   835 | D:2      | Reached skill level 1 in Maces & Flails
   835 | D:2      | Reached skill level 1 in Polearms
   835 | D:2      | Reached skill level 1 in Staves
   835 | D:2      | Reached skill level 1 in Slings
   835 | D:2      | Reached skill level 1 in Bows
   835 | D:2      | Reached skill level 1 in Crossbows
   835 | D:2      | Reached skill level 1 in Throwing
   835 | D:2      | Reached skill level 1 in Dodging
   835 | D:2      | Reached skill level 1 in Stealth
   835 | D:2      | Reached skill level 1 in Unarmed Combat
   835 | D:2      | Reached skill level 1 in Spellcasting
   835 | D:2      | Reached skill level 1 in Evocations
   912 | D:2      | Found a sacrificial altar of Ru.
  1076 | D:2      | Reached XP level 4. HP: 38/41 MP: 5/5
  1310 | D:3      | Noticed Jessica
  1319 | D:3      | Killed Jessica
  1319 | D:3      | Reached skill level 1 in Conjurations
  1319 | D:3      | Reached skill level 1 in Hexes
  1319 | D:3      | Reached skill level 1 in Charms
  1319 | D:3      | Reached skill level 1 in Summonings
  1319 | D:3      | Reached skill level 1 in Necromancy
  1319 | D:3      | Reached skill level 1 in Translocations
  1319 | D:3      | Reached skill level 1 in Transmutations
  1319 | D:3      | Reached skill level 1 in Fire Magic
  1319 | D:3      | Reached skill level 1 in Ice Magic
  1319 | D:3      | Reached skill level 1 in Air Magic
  1319 | D:3      | Reached skill level 1 in Earth Magic
  1319 | D:3      | Reached skill level 1 in Poison Magic
  1628 | D:3      | Reached XP level 5. HP: 47/47 MP: 6/6
  1900 | D:3      | Noticed Ijyb
  1909 | D:3      | Killed Ijyb
  2047 | D:2      | Reached XP level 6. HP: 48/53 MP: 8/8
  2222 | D:4      | Noticed Edmund
  2235 | D:4      | Killed Edmund
  2235 | D:4      | Reached skill level 5 in Axes
  2537 | D:4      | Found a runed door.
  2612 | D:4      | Reached XP level 7. HP: 57/59 MP: 10/10
  2819 | D:4      | Noticed Crazy Yiuf
  2833 | D:4      | Killed Crazy Yiuf
  2916 | D:5      | Entered Level 5 of the Dungeon
  3247 | D:5      | Noticed Menkaure
  3254 | D:5      | Killed Menkaure
  3254 | D:5      | Reached XP level 8. HP: 45/67 MP: 12/12
  3374 | D:5      | Cast into level 3 of the Abyss (a distortion unwield)
  3542 | Abyss:3  | Noticed a large abomination
  3544 | Abyss:3  | Mangled by a large abomination

Skill      XL: |  1  2  3  4  5  6  7  8 |
---------------+-------------------------+-----
Invocations    | 1 2 3 |  3.3
Short Blades   | 1 2 3 |  3.0
Long Blades    | 1 2 3 |  3.0
Maces & Flails | 1 2 3 |  3.0
Polearms       | 1 2 3 |  3.0
Staves         | 1 2 3 |  3.0
Slings         | 1 2 3 |  3.0
Bows           | 1 2 3 |  3.0
Crossbows      | 1 2 3 |  3.0
Throwing       | 1 2 3 |  3.0
Dodging        | 1 2 3 |  3.0
Stealth        | 1 2 3 |  3.0
Unarmed Combat | 1 2 3 |  3.0
Spellcasting   | 1 2 3 |  3.0
Evocations     | 1 2 3 |  3.0
Conjurations   | 1 2 |  2.4
Hexes          | 1 2 |  2.4
Charms         | 1 2 |  2.4
Summonings     | 1 2 |  2.4
Necromancy     | 1 2 |  2.4
Translocations | 1 2 |  2.4
Transmutations | 1 2 |  2.4
Fire Magic     | 1 2 |  2.4
Ice Magic      | 1 2 |  2.4
Air Magic      | 1 2 |  2.4
Earth Magic    | 1 2 |  2.4
Poison Magic   | 1 2 |  2.4
Axes           | 5 |  5.5
Fighting       | 7 |  7.2
Armour         | 7 |  7.2
Shields        | 7 |  7.2

Action                   |  1- 3 |  4- 6 |  7- 9 || total
-------------------------+-------+-------+-------++-------
Melee: War axe           |    85 |    88 |       ||   173
       Hand axe          |    25 |       |       ||    25
       Bite              |    13 |    15 |    18 ||    46
       Flail             |       |    12 |    27 ||    39
       Quarterstaff      |       |       |    69 ||    69
  Use: Scroll            |     4 |       |     3 ||     7
 Stab: Invisible         |       |       |     1 ||     1
  Eat: Chunk             |       |     5 |     2 ||     7
       Ration            |       |       |     2 ||     2
Armor: Scale mail        |    35 |    46 |    59 ||   140
Dodge: Dodged            |    27 |    46 |    57 ||   130
Block: Shield            |    61 |    48 |       ||   109
       Buckler           |       |     9 |     9 ||    18
